 Dungeon Crawl Stone Soup version 0.25-a0-528-g6b7c99946c (webtiles) character file.

Game seed: 2012863278619215931, levelgen mode: deterministic

114 vurker the Gusty (level 4, -2/19 HPs)
             Began as a Felid Air Elementalist on Feb 20, 2020.
             Killed from afar by an orc wizard (7 damage)
             ... with a magic dart
             ... on level 3 of the Dungeon.
             The game lasted 00:03:59 (3502 turns).

vurker the Gusty (Felid Air Elementalist)           Turns: 3502, Time: 00:03:59

Health: -2/19      AC:  1    Str:  4    XL:     4   Next: 67%
Magic:  2/9        EV: 18    Int: 17    God:
Gold:   111        SH:  0    Dex: 16    Spells: 8/9 levels left
                                        Lives:  0   Deaths: 1

rFire    . . .     SeeInvis +   (weapon unavailable)
rCold    + . .     Gourm    .   (shield unavailable)
rNeg     . . .     Faith    .   (armour unavailable)
rPois    .         Spirit   .   (helmet unavailable)
rElec    .         Reflect  .   (cloak unavailable)
rCorr    .         Harm     .   (gloves unavailable)
MR       .....                  (boots unavailable)
Stlth    +++.......             (no amulet)
HPRegen  0.06/turn              k - ring of protection from cold
MPRegen  0.11/turn              (no ring)

@: quick
A: very small, no armour, no weapons or thrown items, stealth, claws 1, fangs 3,
see invisible, carnivore, speed 1, shaggy fur 1, slow metabolism 1, sharp paws
a: no special abilities


You were on level 3 of the Dungeon.
You were completely stuffed.

You visited 1 branch of the dungeon, and saw 3 of its levels.

You collected 111 gold pieces.

Inventory:

Jewellery
 k - a ring of protection from cold (left paw)
   (You found it on level 2 of the Dungeon)
Scrolls
 b - a scroll of remove curse {unknown}
 c - 4 scrolls of identify {unknown}
 h - a scroll of enchant weapon {unknown}
 l - a scroll of fear {unknown}
 m - a scroll of teleportation {unknown}
Potions
 a - 2 potions of curing
 d - a potion of stabbing {unknown}
 f - 2 potions of ambrosia {unknown}
 g - a potion of haste {unknown}
 j - a potion of brilliance {unknown}
Comestibles
 e - 5 rations
 i - 4 chunks of flesh


   Skills:
 + Level 1.9 Fighting
 - Level 2.6 Dodging
 - Level 2.6 Stealth
 * Level 3.2 Spellcasting
 * Level 2.4 Conjurations
 * Level 3.6 Air Magic


You had 8 spell levels left.
You knew the following spells:

 Your Spells              Type           Power        Failure   Level  Hunger
a - Shock                 Conj/Air       ##..         4%          1    None

Your spell library contained the following spells:

 Spells                   Type           Power        Failure   Level  Hunger
 Swiftness                Chrm/Air       #.......     12%         2    ##.....
 Static Discharge         Conj/Air       ##......     16%         3    ###....
 Airstrike                Air            ###.......   36%         4    ####...
 Lightning Bolt           Conj/Air       ##........   80%         5    ######.


Dungeon Overview and Level Annotations

Branches:
Dungeon (3/15)

Altars:
Ashenzari
Dithmenos
Okawaru
Qazlal


Innate Abilities, Weirdness & Mutations

You cannot wear armour.
You are incapable of wielding weapons or throwing items.
Your paws allow you to move quietly. (Stealth)
You have sharp claws.
You have razor-sharp teeth.
You have supernaturally acute eyesight. (SInv)
You are carnivorous and can eat meat at any time.
You cover ground quickly.
You are covered in fur. (AC +1)
You have a slow metabolism.
Your sharp claws are effective at attacking unaware monsters.


Message History

a +0 flail; 4 boomerangs; an orc corpse You butcher the orc corpse.
i - 4 chunks of flesh (gained 2)
Things that are here:
a +0 flail; 4 boomerangs; an orc skeleton
Things that are here:
a +0 flail; 4 boomerangs; an orc skeleton
Things that are here:
a +0 club; a kobold corpse 4 orcs and an orc wizard come into view.
The orc wizard is wielding a +0 dagger of venom.
An orc comes into view. It is wielding a +0 club.
The orc moves out of view.
There are monsters nearby!
Aim: an orc wizard, wielding a +0 dagger of venom and wearing a +0 robe (hasn't noticed you)
The zap misses the orc wizard.
The orc wizard shouts!
The orc shouts! x3; You hear a shout! x3
The orc shouts!
Aim: an orc wizard, wielding a +0 dagger of venom and wearing a +0 robe The zap hits the orc wizard.
You hear a shout!
A gnoll comes into view.
An orc comes into view.
The orc wizard closely misses you.
Things that are here:
a +0 club; a kobold corpse
Aim: an orc wizard, wielding a +0 dagger of venom and wearing a +0 robe (moderately wounded)
The zap misses the orc wizard.
Aim: an orc wizard, wielding a +0 dagger of venom and wearing a +0 robe (moderately wounded)
The zap hits the orc wizard.
Aim: an orc wizard, wielding a +0 dagger of venom and wearing a +0 robe (heavily wounded)
The zap hits the orc wizard.
The zap hits the orc.
The orc wizard barely misses you.
The orc hits you from afar with a +0 trident.
Aim: an orc wizard, wielding a +0 dagger of venom and wearing a +0 robe (severely wounded)
The zap hits the orc wizard.
The zap misses the orc.
The orc wizard miscasts a cantrip.
Aim: an orc wizard, wielding a +0 dagger of venom and wearing a +0 robe (almost dead)
The zap misses the orc wizard.
The zap hits the orc.
The zap misses the orc.
The orc wizard casts a spell.
The orc wizard flickers and vanishes for a moment.
The orc hits you from afar with a +0 trident!
* * * LOW HITPOINT WARNING * * *
Aim: an orc wizard, wielding a +0 dagger of venom and wearing a +0 robe (almost dead, slightly transparent)
The zap misses the orc wizard.
The zap hits the orc.
You kill the orc!
The zap hits the orc.
The orc wizard gestures at you while chanting.
The magic dart hits you!
You die...

#.#.####.# #...
#...# #.# #...
##..####.# #...
#..##...# #....
#..##รท###
#.### #.....#
#. #.)####
####.########.#
........o)o@)#
###.####.o###>#
#.....##..# ###
.......#..#
?.o....#o.#
..._o..o..#
....o.o#..#
.......#o##
#...o.##.#


You could see an orc wizard (invisible) and 2 orcs.

Vanquished Creatures
  Jessica (D:2)
  Robin (D:2)
  6 adders (D:2)
  2 dart slugs (D:1)
  4 leopard geckos
  3 orcs (D:3)
  8 bats
  2 giant cockroaches
  9 goblins
  8 hobgoblins
  2 jackals (D:2)
  11 kobolds
  A quokka (D:2)
  2 ball pythons
  7 frilled lizards (D:1)
  5 rats
  A fungus (D:1)
73 creatures vanquished.

Notes
Turn   | Place    | Note
-------+----------+-------------------------------------------
     0 | D:1      | vurker the Felid Air Elementalist began the quest for the
                  | Orb.
     0 | D:1      | Reached XP level 1. HP: 7/7 MP: 4/4
   220 | D:1      | Reached skill level 1 in Conjurations
   464 | D:1      | Reached XP level 2. HP: 12/12 MP: 0/6
   785 | D:1      | Reached skill level 1 in Fighting
  1008 | D:1      | Reached XP level 3. HP: 15/15 MP: 4/7
  1747 | D:2      | Found an iron altar of Okawaru.
  1802 | D:2      | Found a shattered altar of Ashenzari.
  1910 | D:2      | Reached XP level 4. HP: 19/19 MP: 4/8
  2441 | D:2      | Noticed Robin
  2496 | D:2      | Killed Robin
  2591 | D:2      | Noticed Jessica
  2599 | D:2      | Killed from afar by Jessica
  2600 | D:2      | Reached XP level 3. HP: -4/15 MP: 8/8
  2619 | D:2      | Killed Jessica
  2619 | D:2      | Reached XP level 4. HP: 19/19 MP: 0/9
  3302 | D:3      | Noticed an air elemental
  3303 | D:3      | Found a stormy altar of Qazlal.
  3307 | D:3      | Noticed an earth elemental
  3307 | D:3      | Noticed a water elemental
  3307 | D:3      | Noticed a fire elemental
  3397 | D:3      | Found a shadowy altar of Dithmenos.
  3502 | D:3      | Killed from afar by an orc wizard

Levels and vault maps discovered:
D:1:      dpeg_cavernosity, layout_loops_ring
D:2:      layout_basic, okawaru_ov_weapons_minmay, evilmike_ruin_ashenzari,
          uniq_jessica, uniq_robin
D:3:      minmay_octagon_keep, layout_basic, old_standard_altar, first_ration,
          nicolae_qazlal_style_of_elements

Skill      XL: |  1  2  3  4 |
---------------+-------------+-----
Conjurations   | 1 2 |  2.4
Fighting       | 1 |  1.9
Air Magic      | 3 |  3.6
Spellcasting   | 3 |  3.2
Dodging        | |  2.6
Stealth        | |  2.6

Action                   |  1- 3 |  4- 6 || total
-------------------------+-------+-------++-------
Melee: Unarmed           |    46 |       ||    46
       Bite              |     7 |       ||     7
 Cast: Shock             |    95 |    71 ||   166
  Use: Potion            |       |     1 ||     1
  Eat: Chunk             |    16 |     3 ||    19
Armor: Skin              |     1 |     1 ||     2
Dodge: Dodged            |    15 |    12 ||    27

Table legend:
 A = Non-vault XP
 B = Vault XP
 C = Vault XP percentage of total XP
 D = Non-vault monster count
 E = Vault monster count
 F = Vault count percentage of total count
                 A         B        C        D         E       F
            +---------+---------+-------+---------+---------+-------
      Total |     177 |      70 |  28.3 |      60 |      12 |  16.7
            +---------+---------+-------+---------+---------+-------
        D:1 |      56 |       6 |   9.7 |      34 |       4 |  10.5
        D:2 |     108 |      64 |  37.2 |      20 |       8 |  28.6
        D:3 |      13 |       0 |   0.0 |       6 |       0 |   0.0
            +---------+---------+-------+---------+---------+-------
